 Dungeon Crawl Stone Soup version 0.29.1-2-gbd0b4ee654 (webtiles) character file.

Game seed: 444817826239832670

109 qeuew the Chopper (level 4, -4/34 HPs)
             Began as a Demonspawn Gladiator on Nov 9, 2022.
             Slain by Sigmund
             ... wielding a +0 scythe
              (8 damage)
             ... on level 2 of the Dungeon.
             The game lasted 00:01:59 (1939 turns).

qeuew the Chopper (Demonspawn Gladiator)            Turns: 1939, Time: 00:02:00

Health: -4/34      AC:  5    Str: 16    XL:     4   Next: 60%
Magic:  4/4        EV: 12    Int: 10    God:
Gold:   144        SH:  0    Dex: 14    Spells: 3/3 levels left

rFire   . . .      SeeInvis .   a - +0 war axe
rCold   . . .      Faith    .   (no shield)
rNeg    . . .      Spirit   .   b - +0 leather armour
rPois   .          Reflect  .   c - +0 helmet
rElec   .          Harm     .   (no cloak)
rCorr   .          Rampage  .   f - +0 pair of gloves
Will    .....                   (no boots)
Stlth   +.........              (no amulet)
HPRegen 0.11/turn               (no ring)
MPRegen 0.09/turn               (no ring)

@: confused
A: demonic guardian 1, demonic magic 1
a: no special abilities


You were on level 2 of the Dungeon.
You visited 1 branch of the dungeon, and saw 2 of its levels.

You collected 144 gold pieces.

Inventory:

Hand Weapons
 a - a +0 war axe (weapon)
Missiles
 d - 3 throwing nets (quivered)
 e - a javelin
Armour
 b - a +0 leather armour (worn)
 c - a +0 helmet (worn)
 f - a +0 pair of gloves (worn)


   Skills:
 + Level 2.7 Fighting
 + Level 3.2 Axes
 + Level 2.4 Throwing
 + Level 1.5 Armour
 + Level 3.2 Dodging


You had 3 spell levels left.
You didn't know any spells.
Your spell library contained the following spells:

 Spells                   Type           Power      Damage    Failure   Level
 Conjure Flame            Conj/Fire      0%         6-21      80%         3
 Ignite Poison            Fire/Tmut/Pois 0%         N/A       80%         3
 Sticky Flame             Conj/Fire      0%         2d3       99%         4


Dungeon Overview and Level Annotations

Branches:
Dungeon (2/15)

Altars:

Annotations:
D:2 1 runed translucent door, Crazy Yiuf, Sigmund, Terence


Innate Abilities, Weirdness & Mutations

A weak demonic guardian rushes to your aid.
Spells you cast may paralyse adjacent enemies.


Message History

There is an escape hatch in the floor here.
There is a stone staircase leading down here.
Found a stone staircase leading up.
Sigmund the Dreaded comes into view.
He is wielding a +0 scythe.
Sigmund closely misses you.
You hit Sigmund but do no damage. Sigmund hits you with a +0 scythe!
You closely miss Sigmund. You barely miss Sigmund.
Sigmund points at you and mumbles some strange words.
You are confused.
Sigmund casts a spell at you.
You are more confused.
You are too confused!
You are too confused!
You are too confused!
You are too confused!
You are too confused!
You are too confused!
You are too confused!
You are too confused!
You are too confused!
You are too confused!
You are too confused!
You are too confused!
You bump into the rock wall.
Sigmund hits you with a +0 scythe!
You bump into the rock wall.
You're too confused to move!
Sigmund barely misses you.
You hit Sigmund.
Sigmund is lightly wounded.
Sigmund mumbles some strange words.
Sigmund flickers and vanishes!
Deactivating autopickup; reactivate with Ctrl-A.
You bump into the rock wall.
Something hits you!
* * * LOW HITPOINT WARNING * * *
A demonic guardian appears!
You bump into the rock wall.
Something hits you.
* * * LOW HITPOINT WARNING * * *
You bump into the rock wall.
Your iron imp hits something!
You bump into the rock wall.
Something hits you!
You die...

..# #).@#
#.......#
### #..)#
#########
# .). ##
#+# ###
.## #.##
..# ..#
##)# #<#
.## #.##
#5# ###
##.# #{#
..# ##.##
#@# ###
##...#
#.# #
#....#
#.# #
#....#
#.# #
##..##
#.# #
#...# #.#
# #..##
#.# #
#.## #.#
# #.# #.#


You could see a friendly iron imp (summoned).

Vanquished Creatures
  Jessica (D:2)
  3 adders (D:2)
  2 dart slugs (D:2)
  A ball python (D:2)
  8 bats
  3 endoplasms
  A giant cockroach (D:1)
  4 goblins
  6 hobgoblins
  2 jackals (D:2)
  7 kobolds
  4 quokkas
  3 frilled lizards (D:1)
  3 rats
48 creatures vanquished.

Notes
Turn   | Place    | Note
-------+----------+-------------------------------------------
     0 | D:1      | qeuew the Demonspawn Gladiator began the quest for the Orb.
     0 | D:1      | Reached XP level 1. HP: 16/16 MP: 1/1
   141 | D:1      | Gained mutation: Spells you cast may paralyse adjacent
                  | enemies. [demonic ancestry]
   141 | D:1      | Reached XP level 2. HP: 21/22 MP: 2/2
   637 | D:2      | Found a runed translucent door.
   638 | D:2      | Noticed Crazy Yiuf
   640 | D:2      | Noticed Terence
   706 | D:2      | Reached XP level 3. HP: 28/28 MP: 3/3
   747 | D:2      | Reached skill level 1 in Armour
  1368 | D:2      | Gained mutation: A weak demonic guardian rushes to your
                  | aid. [demonic ancestry]
  1368 | D:2      | Reached XP level 4. HP: 34/34 MP: 4/4
  1624 | D:2      | Noticed Jessica
  1627 | D:2      | Killed Jessica
  1925 | D:2      | Noticed Sigmund
  1939 | D:2      | Slain by Sigmund

Illustrated notes

Levels and vault maps discovered:
D:1:      dpeg_arrival_round_c, layout_rooms
D:2:      layout_loops_ring, uniq_jessica, uniq_crazy_yiuf_cottage,
          uniq_terence, uniq_sigmund

Skill      XL: |  1  2  3 |
---------------+----------+-----
Throwing       | 2 |  2.4
Dodging        | 3 |  3.2
Armour         | 1 |  1.5
Axes           | 3 |  3.2
Fighting       | |  2.7

Action                   |  1- 3 |  4- 6 || total
-------------------------+-------+-------++-------
Melee: War axe           |   118 |    40 ||   158
  Use: Potion            |     2 |       ||     2
 Stab: Sleeping          |     1 |       ||     1
Armor: Leather armour    |    65 |    16 ||    81
Dodge: Dodged            |   106 |    31 ||   137
